 Dungeon Crawl Stone Soup version 0.29.0-11-gd7f09526c8 (webtiles) character file.

Game seed: 11985379808903180864

734 SensoryNuts the Slasher (level 7, -3/54 HPs)
             Began as a Demonspawn Fighter on Sept 3, 2022.
             Slain by a mummy (9 damage)
             ... in an ossuary.
             The game lasted 00:04:22 (5182 turns).

SensoryNuts the Slasher (Demonspawn Fighter)        Turns: 5182, Time: 00:04:23

Health: -3/54      AC:  9    Str: 16    XL:     7   Next: 45%
Magic:  7/7        EV:  9    Int:  9    God:
Gold:   125        SH:  5    Dex: 17    Spells: 6/6 levels left

rFire   . . .      SeeInvis .   a - +0 long sword (vamp)
rCold   . . .      Faith    .   c - +0 buckler
rNeg    . . .      Spirit   .   b - +0 scale mail
rPois   .          Reflect  .   (no helmet)
rElec   .          Harm     .   n - +1 cloak
rCorr   .          Rampage  .   (no gloves)
Will    .....                   (no boots)
Stlth   ++........              (no amulet)
HPRegen 0.18/turn               (no ring)
MPRegen 0.10/turn               (no ring)

@: no status effects
A: thin skeletal structure 1, demonic guardian 1, demonic magic 1
a: no special abilities


You were in an ossuary.
You visited 1 branch of the dungeon, and saw 4 of its levels.
You also visited: Ossuary.

You collected 125 gold pieces.

Inventory:

Hand Weapons
 a - a +0 vampiric long sword (weapon)
Armour
 b - a +0 scale mail (worn)
 c - a +0 buckler (worn)
 n - a +1 cloak (worn)
Scrolls
 d - a scroll of identify
 e - 5 scrolls of teleportation
 h - a scroll of torment
 j - a scroll of enchant armour
Potions
 f - a potion of degeneration
 i - a potion of curing
 l - 2 potions of lignification
 o - a potion of resistance
 p - a potion of flight


   Skills:
 + Level 4.0 Fighting
 * Level 5.8 Long Blades
 + Level 4.2 Armour
 + Level 1.4 Dodging
 + Level 1.3 Stealth
 + Level 3.2 Shields


You had 6 spell levels left.
You didn't know any spells.
Your spell library was empty.

Dungeon Overview and Level Annotations

Branches:
Dungeon (4/15)            Ossuary (1/1)
 Temple: D:4-7

Altars:

Shops:
D:3 [


Innate Abilities, Weirdness & Mutations

You have a somewhat thin skeletal structure. (Dex +2, Stealth+)
A weak demonic guardian rushes to your aid.
Spells you cast may paralyse adjacent enemies.


Message History

You are too injured to fight recklessly!
You are too injured to fight recklessly!
You are too injured to fight recklessly!
You are too injured to fight recklessly!
Unknown command.
You are too injured to fight recklessly!
Unknown command.
You barely miss the mummy.
The mummy is severely damaged.
The mummy hits you!
* * * LOW HITPOINT WARNING * * *
A demonic guardian appears!
You barely miss the mummy.
The mummy is severely damaged.
You slash the mummy!
You destroy the mummy!
You feel your dexterity returning.
You hit the mummy but do no damage. The mummy hits you!
* * * LOW HITPOINT WARNING * * *
You barely miss the mummy.
Unknown command.
You swap places.
Your white imp hits the mummy.
Your white imp freezes the mummy.
The mummy resists.
The mummy hits your white imp.
Okay, then.
Your white imp hits the mummy.
Your white imp freezes the mummy.
The mummy resists.
The mummy hits your white imp!
Your white imp dies!
Your white imp disappears in a puff of smoke!
You hit the mummy.
The mummy is heavily damaged.
The mummy hits you.
* * * LOW HITPOINT WARNING * * *
A demonic guardian appears!
You hit the mummy but do no damage.
The mummy is heavily damaged.
You hit the mummy.
The mummy is severely damaged.
The mummy hits you!
You die...

###############
........M@....##
.....####5.....##
... ##..##......#
...##....##.....#
................#
...............##
.............##
##........##+#
##......##


You could see a mummy (ally target) and a friendly quasit (summoned).

Vanquished Creatures
  Grinder (D:3)
  A phantom (D:4)
  A scorpion (D:4)
  A hound (D:4)
  Crazy Yiuf (D:2)
  Jessica (D:2)
  Natasha (thrice) (D:2)
  6 mummies (Ossuary)
  9 adders (D:3)
  A dart slug (D:1)
  An orc (D:4)
  14 ball pythons
  3 bats
  5 endoplasms
  A giant cockroach (D:1)
  3 gnoll zombies (Ossuary)
  5 hobgoblins
  3 jackals (D:1)
  2 quokkas (D:4)
  4 frilled lizards
  8 goblins
  3 hobgoblin zombies (Ossuary)
  10 kobolds
  5 rats
92 creatures vanquished.

Vanquished Creatures (collateral kills)
  A mummy (Ossuary)
  A gnoll zombie (Ossuary)
  An orc zombie (Ossuary)
3 creatures vanquished.

Grand Total: 95 creatures vanquished

Notes
Turn   | Place    | Note
-------+----------+-------------------------------------------
     0 | D:1      | SensoryNuts the Demonspawn Fighter began the quest for the
                  | Orb.
     0 | D:1      | Reached XP level 1. HP: 18/18 MP: 1/1
   206 | D:1      | Found a faded altar of an unknown god.
   390 | D:1      | Gained mutation: You have a somewhat thin skeletal
                  | structure. (Dex +2, Stealth+) [demonic ancestry]
   390 | D:1      | Reached XP level 2. HP: 24/24 MP: 2/2
   446 | D:1      | Reached skill level 2 in Long Blades
   914 | D:1      | Reached XP level 3. HP: 28/29 MP: 3/3
  1503 | D:2      | Noticed Natasha
  1510 | D:2      | Killed Natasha
  2074 | D:2      | Noticed Natasha
  2087 | D:2      | Killed Natasha
  2088 | D:2      | Reached skill level 3 in Long Blades
  2088 | D:2      | Reached XP level 4. HP: 10/35 MP: 4/4
  2351 | D:2      | Found a runed translucent door.
  2352 | D:2      | Noticed Crazy Yiuf
  2382 | D:2      | Noticed Jessica
  2386 | D:2      | Killed Jessica
  2492 | D:2      | Noticed Natasha
  2501 | D:2      | Killed Natasha
  2502 | D:2      | Gained mutation: A weak demonic guardian rushes to your
                  | aid. [demonic ancestry]
  2502 | D:2      | Reached XP level 5. HP: 37/41 MP: 5/5
  2554 | D:2      | Killed Crazy Yiuf
  3875 | D:3      | Found Ibaqiof's Antique Armour Emporium.
  3999 | D:3      | Reached skill level 4 in Long Blades
  4057 | D:3      | Noticed Grinder
  4060 | D:3      | Paralysed by Grinder for 5 turns
  4086 | D:3      | Killed Grinder
  4087 | D:3      | Reached skill level 1 in Dodging
  4087 | D:3      | Reached skill level 1 in Stealth
  4087 | D:3      | Reached XP level 6. HP: 40/48 MP: 6/6
  4223 | D:3      | Reached skill level 5 in Long Blades
  4377 | D:4      | Gained mutation: Spells you cast may paralyse adjacent
                  | enemies. [demonic ancestry]
  4377 | D:4      | Reached XP level 7. HP: 33/53 MP: 7/7
  4607 | D:4      | Found a sand-covered staircase.
  4624 | Ossuary  | Entered an ossuary
  5182 | Ossuary  | Slain by a mummy

Illustrated notes

Levels and vault maps discovered:
D:1:      minmay_arrival_plants_in_alcoves, layout_loops_ring,
          basic_ecumenical_altar, serial_co_window_serial,
          co_window_of_opportunity_a, co_window_corner_a, co_window_paths_b,
          co_window_of_opportunity_a, co_window_paths_b, co_window_corner_ca,
          co_window_paths_c, co_window_corner_b, co_window_paths_d,
          glass_columns_a, glass_columns_a, glass_columns_a, glass_columns_a
D:2:      layout_loops_ring, uniq_natasha, uniq_crazy_yiuf_cottage, uniq_jessica
D:3:      layout_basic, serial_shops, shop, minmay_snake_closets, uniq_grinder
D:4:      layout_loops_ring, nicolae_ossuary_entry_monument,
          minmay_stone_trees_small
Ossuary:  ossuary_tomb_3

Skill      XL: |  1  2  3  4  5  6  7 |
---------------+----------------------+-----
Long Blades    | 2 3 4 5 |  5.8
Armour         | 3 4 |  4.2
Shields        | 3 |  3.2
Dodging        | 1 |  1.4
Stealth        | 1 |  1.3
Fighting       | 4 |  4.0

Action                   |  1- 3 |  4- 6 |  7- 9 || total
-------------------------+-------+-------+-------++-------
Melee: Long sword        |   134 |   148 |    96 ||   378
  Use: Potion            |       |     7 |     2 ||     9
       Scroll            |       |     9 |       ||     9
 Stab: Distracted        |       |     1 |     1 ||     2
       Sleeping          |       |     1 |       ||     1
Armor: Scale mail        |    63 |    70 |    46 ||   179
       Skin              |       |    11 |       ||    11
Dodge: Dodged            |    61 |    68 |    53 ||   182
Block: Buckler           |    30 |    30 |    27 ||    87
